General information
	        
			
        
        - name: timvprower
 
        - type: Ladder 1vs1/FFA
 
        - host: NADMaN
 
        - saver: BEAR_AND
 
        
map: SecretValley 
        - players: 7
 
        - length: 12:25
 
        - speed: Fast
 - version: 1.22 W3XP
 - replay type:  

 
» download(94 KB)
Players
        team 1 (loser) 
              
              
» 
timg4strok (
blue | 169 APM | 2101 actions | 12:24)
              
 3 Demon Hunter 
 2 Mana Burn
 1 Evasion
 2 Pandaren Brewmaster 
 1 Breath of Fire
 1 Drunken Haze
 
                » actions 
                
                | Assign group hotkey | 31 |  | 
| Basic commands | 34 |  | 
| Build / train | 51 |  | 
| ESC pressed | 4 |  | 
| Enter build submenu | 14 |  | 
| Enter hero's abilities submenu | 5 |  | 
| Right click | 1137 |  | 
| Select / deselect | 216 |  | 
| Select group hotkey | 544 |  | 
| Use ability | 65 |  | 
                2101 total
 » units 
                
                | Wisp | 19 |  | 
| Archer | 12 |  | 
| Dryad | 4 |  | 
| Druid of the Claw | 1 |  | 
                36 total
 » upgrades
                
                | Druid of the Claw Training | 1 |  | 
| Abolish Magic | 1 |  | 
                2 total
 » buildings
                
                | Altar of Elders | 1 |  | 
| Ancient of War | 2 |  | 
| Moon Well | 4 |  | 
| Tree of Ages | 1 |  | 
| Hunter's Hall | 1 |  | 
| Ancient of Lore | 3 |  | 
| Ancient of Wonders | 1 |  | 
| Tree of Eternity | 1 |  | 
                14 total
 » build order
                00:04 Altar of Elders
00:06 Ancient of War
00:25 Moon Well
01:58 Moon Well
02:40 Tree of Ages
03:17 Moon Well
05:18 Hunter's Hall
06:29 Ancient of Lore
06:46 Ancient of War
08:14 Ancient of Lore
08:51 Moon Well
09:05 Ancient of Wonders
09:08 Ancient of Lore
10:00 Tree of Eternity
» items
                
                | Staff of Preservation | 1 |  | 
| Potion of Healing | 2 |  | 
                3 total
  
               team 2 (winner) 
              
              
p.rower (
gray | 169 APM | 2099 actions | 12:24)
              
 3 Archmage 
 2 Summon Water Elemental
 1 Brilliance Aura
 3 Naga Sea Witch 
 2 Frost Arrows
 1 Forked Lightning
 
                » actions 
                
                | Assign group hotkey | 101 |  | 
| Basic commands | 11 |  | 
| Build / train | 66 |  | 
| ESC pressed | 3 |  | 
| Enter build submenu | 20 |  | 
| Enter hero's abilities submenu | 7 |  | 
| Give item / drop item | 1 |  | 
| Right click | 1013 |  | 
| Select / deselect | 372 |  | 
| Select group hotkey | 410 |  | 
| Use ability | 95 |  | 
                2099 total
 » units 
                
                | Peasant | 16 |  | 
| Footman | 15 |  | 
| Sorceress | 2 |  | 
| Priest | 1 |  | 
                34 total
 » buildings
                
                | Altar of Kings | 1 |  | 
| Barracks | 1 |  | 
| Farm | 7 |  | 
| Keep | 1 |  | 
| Lumber Mill | 1 |  | 
| Arcane Vault | 1 |  | 
| Scout Tower | 7 |  | 
| Guard Tower | 10 |  | 
| Arcane Sanctum | 1 |  | 
                30 total
 » build order
                00:05 Altar of Kings
00:17 Barracks
00:32 Farm
01:03 Farm
01:42 Farm
02:21 Farm
03:26 Keep
03:31 Farm
03:33 Farm
04:04 Farm
05:13 Lumber Mill
06:18 Arcane Vault
07:21 Scout Tower
07:22 Scout Tower
07:37 Scout Tower
07:49 Guard Tower
07:50 Guard Tower
08:49 Arcane Sanctum
11:14 Scout Tower
11:29 Guard Tower
11:29 Guard Tower
11:43 Guard Tower
11:43 Guard Tower
11:44 Scout Tower
11:46 Scout Tower
12:12 Guard Tower
12:12 Guard Tower
12:14 Guard Tower
12:14 Guard Tower
12:20 Scout Tower
» items
                
                | Boots of Speed | 1 |  | 
| Dust of Appearance | 1 |  | 
| Scroll of Regeneration | 1 |  | 
| Potion of Healing | 2 |  | 
| Ivory Tower | 5 |  | 
| Lesser Clarity Potion | 1 |  | 
                11 total
  
               observersNADMaN, 
BEAR_AND, 
Mata., 
bLinn, 
Alexandr Chat log
          (00:11 / Observers) Alexandr: Seriously, can someone move me? I won't do anything annoying, I promise.
(00:12 / Observers) BEAR_AND: don't forget to sync it blinn
(00:21 / All) timg4strok: FUYCK
(00:22 / All) timg4strok: FUCK
(00:23 / Observers) BEAR_AND: uncompressed~!
(00:27 / All) p.rower: nice
(00:28 / All) timg4strok: gg
(00:32 / All) timg4strok: you win..
(00:38 / All) p.rower: must be NE
(00:39 / All) timg4strok: this game not a good game for me so far
(00:41 / All) timg4strok: no
(00:41 / All) timg4strok: fuck
(00:43 / All) timg4strok: fucK
(00:47 / All) timg4strok: mh
(00:48 / All) timg4strok: rehost please
(00:54 / All) timg4strok: HOLY SHNIT
(00:55 / All) timg4strok: this game
(00:59 / All) p.rower: five
(01:00 / All) timg4strok: gonna turn off my modem
(01:04 / Observers) Mata.: timg probably didnt get any lumber
(01:10 / Observers) Mata.: he scrubbin it up
(01:28 / All) timg4strok: maybe im undead
(01:33 / Observers) NADMaN: bear/dryad vs breaker/priest
(01:37 / All) p.rower: we'll find out in 5 secs
(01:37 / Observers) NADMaN: :|
(01:41 / Observers) Alexandr: What do I need to do to get into channel? :) :(
(01:42 / All) timg4strok: gonna shoot you
(01:43 / All) timg4strok: gtfo
(01:50 / Observers) BEAR_AND: be reincarnated, not a nerd
(01:55 / Observers) Alexandr: I'm no nerd.
(01:57 / Observers) Alexandr: Sirius.
(02:01 / All) timg4strok: man
(02:02 / Observers) Mata.: you punctuate every sentence
(02:02 / All) timg4strok: seriously
(02:04 / All) timg4strok: if i win
(02:06 / Observers) Mata.: and capitalize it too which is just dang
(02:11 / Observers) Alexandr: ya ok ill type like this can i get in
(02:13 / Observers) BEAR_AND: hmm i just read a replay chatlog where you discussed owning "age of empires the board game"
(02:15 / Observers) Alexandr: i just want the full obs experience
(02:17 / Observers) Mata.: its a good first step
(02:21 / Observers) Alexandr: hahahahaha
(02:22 / All) timg4strok: fuck this game
(02:23 / All) timg4strok: its like
(02:24 / Observers) Alexandr: Age of MYthology.
(02:26 / All) timg4strok: everyting is going wrong
(02:33 / Observers) Alexandr: I just bought it, I got $213 of board games yesterday.
(02:43 / Observers) Alexandr: It'll go onto my stack of a thousand dollars worth of other ones.
(02:47 / Observers) Mata.: would you consider yourself a "Table top gamer"?
(02:57 / Observers) Alexandr: PS Twilight Imperium? Best game ever.
(03:01 / Observers) Alexandr: No, I'm just a board gamer.
(03:09 / Observers) BEAR_AND: squelch
(03:16 / Observers) Alexandr: Hahaha
(03:16 / Observers) BEAR_AND: BOOM
(03:21 / Observers) NADMaN: close
(03:35 / Observers) BEAR_AND: fam BLOCK
(03:36 / Observers) NADMaN: oohh
(03:37 / Observers) BEAR_AND: FARM BLOCK
(03:44 / Observers) NADMaN: rollercoaster
(04:26 / Observers) Mata.: yeah that sounds right
(04:29 / Observers) NADMaN: wisp dispel..
(04:40 / Observers) Mata.: yeah the first thing he needs right now is to lose more wisps
(04:43 / Observers) Mata.: he has like 1 
(05:02 / Observers) BEAR_AND: another welem NOPE
(05:16 / Observers) Mata.: sounded a lil like metallica there
(05:18 / Observers) Mata.: unforgiven 
(05:41 / Observers) Mata.: getting tav hero
(05:41 / Observers) NADMaN: panda
(05:51 / Observers) Mata.: wow prower is pumping dhawk!!!
(05:56 / Observers) Mata.: nah just trolling blinn
(05:58 / Observers) BEAR_AND: ahahahahahha metarhyme
(06:10 / Observers) Mata.: going for am
(06:15 / Observers) Alexandr: Uh oh
(06:27 / Observers) Mata.: burn kill
(06:29 / Observers) Mata.: noice
(06:30 / Observers) BEAR_AND: am died
(06:30 / Observers) Mata.: am dead
(06:34 / Observers) BEAR_AND: naga
(06:35 / Observers) NADMaN: naga
(06:35 / Observers) Mata.: is a naga
(06:36 / Observers) BEAR_AND: is naga
(06:36 / Observers) NADMaN: nagaaa
(06:37 / All) timg4strok: did i kill yuor archm
(06:42 / Observers) Mata.: timg gonna get his shit pushed in
(06:56 / Observers) Mata.: he makes another aow??? he noob?
(07:03 / Observers) Mata.: tav ressed am
(07:13 / Observers) Mata.: panda surr
(07:14 / Observers) BEAR_AND: swiggity surround
(07:18 / Observers) BEAR_AND: wIOWII
(07:27 / Observers) BEAR_AND: broke surr but died anwyay
(07:33 / Observers) Mata.: prowsey always does this
(07:45 / Observers) NADMaN: :(
(07:55 / Observers) BEAR_AND: sweet
(07:56 / Observers) BEAR_AND: there we go
(07:58 / Observers) NADMaN: lookin ok for timg
(08:05 / Observers) BEAR_AND: am must be "homesick" spending so much time in ne base
(08:05 / Observers) Mata.: haha nerfed repair rate
(08:21 / Observers) NADMaN: aaa
(08:23 / Observers) BEAR_AND: wow
(08:24 / Observers) Mata.: yeah it's like halved dude
(08:25 / Observers) BEAR_AND: almost a block
(08:31 / Observers) BEAR_AND: go into that masu chord
(08:32 / Observers) BEAR_AND: prog
(08:36 / Observers) BEAR_AND: it sounds like the one you're using now
(08:48 / Observers) BEAR_AND: this a sweet game
(08:51 / Observers) NADMaN: ya
(09:01 / Observers) BEAR_AND: lkmao
(09:08 / Observers) Mata.: prower shouldnt have rushed without sorcs imho
(09:14 / Observers) NADMaN: yeah
(09:19 / Observers) BEAR_AND: lmfao
(09:20 / Observers) NADMaN: but that would have delayed
(09:21 / Observers) NADMaN: way far
(09:25 / Observers) Mata.: yeah he didnt have many resources
(09:34 / Observers) Mata.: harassing with dh
(09:36 / Observers) BEAR_AND: prower fastbuilding sanctum
(09:44 / Observers) NADMaN: sorc
(09:49 / Observers) Mata.: timbo goin mass yad though
(09:51 / Observers) BEAR_AND: naga owning dh
(09:57 / Observers) BEAR_AND: dh gets away????
(10:07 / Observers) BEAR_AND: panda hits 2
(10:14 / Observers) NADMaN: needs 3...
(10:26 / Observers) NADMaN: no peons
(10:28 / Observers) NADMaN: yet
(10:29 / Observers) NADMaN: they coming
(10:31 / Observers) BEAR_AND: 35food vs 31 though adv. tim
(10:32 / Observers) Mata.: heal dat dh
(10:36 / Observers) NADMaN: fuk u
(10:36 / Observers) BEAR_AND: WOW
(10:50 / Observers) NADMaN: aa
(10:51 / Observers) Mata.: enough mana for dhaze but not enough for bof
(10:51 / Observers) NADMaN: whoo
(10:53 / Observers) Mata.: it's gg
(10:56 / Observers) Mata.: or 
(10:59 / Observers) Mata.: yeah i think it is
(10:59 / Observers) BEAR_AND: apdna surr pot saves
(11:02 / Observers) Mata.: or 
(11:03 / Observers) Mata.: wow
(11:04 / Observers) Mata.: maybe not!
(11:06 / Observers) NADMaN: tp;
(11:07 / Observers) BEAR_AND: dh die
(11:10 / Observers) Mata.: no tp..
(11:24 / Observers) NADMaN: lookin bad for timg now
(11:27 / Observers) Mata.: word
(11:35 / Observers) NADMaN: aaaaaaaa
(11:35 / Observers) Mata.: g
(11:36 / Observers) BEAR_AND: gg
(11:36 / Observers) NADMaN: g
(11:37 / Observers) NADMaN: g
(11:41 / Observers) Mata.: not by much tohugh
(11:45 / Observers) BEAR_AND: was sick game
(11:48 / Observers) NADMaN: yeah
(11:53 / Observers) Mata.: !!!! those trees are alive
(12:03 / Observers) NADMaN: towers are 3/4ths yup
(12:13 / Observers) Mata.: a bear
(12:17 / Observers) Mata.: he's got a juve
(12:18 / Observers) Mata.: for his dh
(12:23 / All) timg4strok: FUXCK